cohdb
Replays
Latest Replays
All Replays
Popular Replays
Top Player Replays
Match Explorer
How It Works
Community
CoH3 Stats
Reddit
Sign in to upload your games and track your stats! →
Sign in with Steam
Match 45837704
Unlisted
Match 45837704
Overview
Messages
Build Orders
End
Pioneer Squad
Construct Infanterie Kompanie
Selects Terror Battlegroup
MG 42 Machine Gun Team
Pioneer Squad
Pioneer Squad
Pioneer Squad
MG 42 Machine Gun Team
Construct Luftwaffe Kompanie
Medical Station
Jäger Squad
Support Elements
Wirbelwind Flakpanzer
Side Skirts
Selects Machine Gun Camouflage
Selects Defend the Fatherland
Jäger Squad
Pioneer Squad
Pioneer Squad
GrW 34 Mortar Team
MG 42 Machine Gun Team
Pioneer Squad
Selects King Tiger Heavy Tank
King Tiger Heavy Tank
Jäger Squad
Jäger Squad
Pioneer Squad
Pioneer Squad
Wirbelwind Flakpanzer
MG 42 Machine Gun Team
MG 42 Machine Gun Team
Pioneer Squad
MG 42 Machine Gun Team
Selects Contempt for the Weak
Selects Jericho Trumpet
Selects V1 Rocket Strike
V1 Rocket Strike
Pioneer Squad
King Tiger Heavy Tank
我是一只骚鸭子...
Steven
0
0
Comments
sign in to comment!
No comments posted yet!